Description

So a couple of things you guys should keep in mind when doing this build, is that you’re trying to trick your opponent as much as possible. Since we will be massing zealots, your goal is to make your build look as much as possible as a blink opener (AKA, macro, AKA standard). So we will do the standard protoss opener, which is gate, gas, nexus, cyber gas pylon at the same exact timings. 2nd pylon being in front of the natural as often as possible. I also prefer pylon scouting in this matchup since in some cases, you might get to scout a proxy faster than usual, and you get to be as annoying of a prick as possible with the probe harass across the map if your opponent isnt proxying. If he is, then proceed to defending the proxy as you usually do, and then just try to tech into 8 gates and chargelots. If he isnt, then that’s great news. Now, the first unit you want to make out of the gateway is an adept, which you will also chrono, and then 1 worker off of each gas and send them to the natural. You will also get warp gate and drop twilight council as fast as possible. Double chrono boost the nexi to reach optimal saturation on the natural as well (which should be 12/16 until you pull the last 2 probes from each gas in the main). After the adept, you try and get 3 stalkers out as well, then a robo and just enough gas for you to get an obs. Banshees being one of the hardest things to deal with when doing this build. Try and keep the adept alive as much as possible, since he will be your main source of information as to what kind of harass your opponent will be doing. If he goes widow mine drop, just pay attention to your mineral lines while you are spamming the 8 gates, if its hellions, just plug the wall with a stalker or with a shield battery. If its a banshee, a shield battery, in every mineral line, put 3 workers back on gas to be able to afford new stalkers and obs, and you should be golden. Usually, a decent time for this build to hit at would be 5:45, and you should have a warp prism, 589123 zealots and 3 stalkers. Obviously, try to avoid supply blocks when executing this build as they will slow you down considerably. Now, when it comes to the micro and decision making aspect of this allin, theres just a couple of tricks you may have to pull off. What I like to do is preload 4 zealots into the warp prism, which i will either drop on the high ground straight on the siege tank, or behind the wall at the natural, which i will then load 4 more zealots, and so on and so on. Be careful of raven openers, as they will require you to be a lot more conservative with the warp prism, so warp in from further behind if you need to. If you execute this properly, you should have a very high winrate, since this build allowed my shitty ass to take wins off of very good players such as cuddlebear, vindicta, and numerous other high GM terrans.

So far, this build is pretty optimized, there might be a couple more changes I might make to it soon, but right now, I don’t quite think those are necessary, since once again, they have gotten me extremely consistent results, and hopefully, the same will happen for you. Thank you to everybody that watched this guide, i hope it will be useful for you, and subscribe to my youtube and/or follow my twitch for live games of this build, and for the next guide which should come relatively soon, for PvP. twitch.tv/wshadows

VOD

https://youtu.be/1PJEf-UQz7o

Replay - Chargelot Guide

Build Order

Get SALT Encoding   

  12  0:00  Probe  
  13  0:13  Probe  
  14  0:17  Pylon  
  14  0:25  Probe (Chrono Boost)  
  15  0:37  Probe (Chrono Boost)  
  15  0:39  Gateway  
  16  0:45  Probe (Chrono Boost)  
  17  0:50  Assimilator  
  17  0:52  Probe  
  18  1:04  Probe  
  19  1:16  Probe  
  20  1:28  Nexus  
  20  1:39  Cybernetics Core  
  20  1:42  Probe  
  21  1:48  Assimilator  
  21  1:54  Probe  
  22  2:01  Pylon  
  22  2:17  Adept (Chrono Boost)  
  22  2:20  Twilight Council  
  24  2:27  Warp Gate  
  26  2:52  Charge (Chrono Boost)  
  26  2:57  Stalker  
  32  3:27  Stalker  
  36  3:39  Gateway x2  
  41  4:04  Robotics Facility  
  37  4:18  Pylon  
  37  4:19  Gateway x2  
  37  4:25  Gateway  
  37  4:30  Pylon  
  37  4:32  Zealot x2  
  37  4:38  Zealot  
  43  4:43  Gateway x2  
  41  5:00  Zealot x3  
  41  5:01  Warp Prism (Chrono Boost)  
  49  5:15  Zealot x2  
  49  5:17  Pylon  
  49  5:20  Zealot x2  
  61  5:54  Stalker x4  
  49  6:20  Stalker  
Spawning Tool Build Advisor. Get it on Overwolf

Go to:

Details

  • Created by: Whiteshadow322   
  • Published on: Dec 20, 2019
  • Modified on: Dec 20, 2019
  • Patch: 4.11.0
Show
View Real Time Build Order
Export as new Build Order

Comments (0)

There are no comments. Be the first!

Create an account to comment!